 Dungeon Crawl Stone Soup version 0.28-a0-991-g956f0ee3d5 (webtiles) character file.

Game seed: 17735010632673461289

533 browni3141 the Changer (level 7, -1/43 HPs)
             Began as an Octopode Transmuter on Dec 4, 2021.
             Was an Initiate of Ru.
             Slain by a phantom (7 damage)
             ... on level 5 of the Dungeon.
             The game lasted 00:12:43 (6198 turns).

browni3141 the Changer (Octopode Transmuter)        Turns: 6198, Time: 00:12:44

Health: -1/43      AC: -3    Str:  9    XL:     7   Next: 24%
Magic:  9/13       EV: 13    Int: 18    God:    Ru [......]
Gold:   116        SH:  0    Dex: 18    Spells: 4/14 levels left

rFire   . . .      SeeInvis +     - Unarmed
rCold   . . .      Faith    .   (no shield)
rNeg    . . .      Spirit   .   (helmet currently unavailable)
rPois   .          Reflect  .   s - amulet of the acrobat
rElec   .          Harm     .   d - +6 ring of dexterity
rCorr   .          Rampage  .   j - ring of see invisible
Will    .....                   (no ring)
Stlth   +++.......              (no ring)
HPRegen 0.14/turn               (no ring)
MPRegen 0.13/turn               (no ring)
                                (no ring)
                                (no ring)

@: appendages, corroded
A: tentacle spike 3, almost no armour, amphibious, 8 rings, camouflage 1,
gelatinous body 1, (nimble swimmer 1), tentacles
a: End Transformation, Renounce Religion


You were on level 5 of the Dungeon.
You worshipped Ru.
Ru was noncommittal.
One of your tentacles had grown a beastly spike.
You visited 2 branches of the dungeon, and saw 6 of its levels.

You collected 116 gold pieces.

Inventory:

Missiles
 b - 70 stones (quivered)
Jewellery
 d - a +6 ring of dexterity (left tentacle)
 j - a ring of see invisible (right tentacle)
 s - an amulet of the acrobat (around mantle)
Scrolls
 a - 5 scrolls of identify {unknown}
 f - a scroll of brand weapon {unknown}
 g - 2 scrolls of noise {unknown}
 i - 2 scrolls of vulnerability {unknown}
 l - a scroll of fear {unknown}
 n - 2 scrolls of teleportation {unknown}
 o - a scroll of blinking {unknown}
 p - a scroll of acquirement {unknown}
 r - a scroll of enchant armour {unknown}
Potions
 c - a potion of haste {unknown}
 e - a potion of curing {unknown}
 h - a potion of resistance {unknown}
 k - a potion of lignification {unknown}
 m - a potion of mutation {unknown}
 q - 2 potions of heal wounds {unknown}


   Skills:
 - Level 1.0 Fighting
 - Level 2.0 Dodging
 - Level 3.0 Unarmed Combat
 * Level 4.1 Spellcasting
 + Level 2.0 Hexes
 * Level 5.5 Transmutations
 + Level 2.5 Poison Magic


You had 4 spell levels left.
You knew the following spells:

 Your Spells              Type           Power      Damage    Failure   Level
a - Beastly Appendage     Tmut           46%        N/A       1%          1
b - Wereblood             Tmut           23%        N/A       2%          2
c - Spider Form           Tmut/Pois      18%        N/A       9%          3
d - Slow                  Hex            44%        N/A       6%          1
e - Sting                 Tmut/Pois      72%        1d6       2%          1
f - Poisonous Vapours     Pois/Air       16%        N/A       13%         2

Your spell library contained the following spells:

 Spells                   Type           Power      Damage    Failure   Level
 Animate Skeleton         Necr           6%         N/A       14%         1
 Apportation              Tloc           6%         N/A       14%         1
 Pain                     Necr           12%        1d4       14%         1
 Summon Small Mammal      Summ           12%        N/A       14%         1
 Confusing Touch          Hex            11%        N/A       19%         3
 Ice Form                 Ice/Tmut       13%        N/A       43%         4
 Olgreb's Toxic Radiance  Pois           12%        N/A       45%         4
 Cause Fear               Hex            5%         N/A       52%         4
 Summon Ice Beast         Ice/Summ       3%         N/A       82%         4
 Yara's Violent Unravell  Hex/Tmut       8%         3d5       63%         5
 Dragon Form              Tmut           11%        N/A       100%        7
 Borgnjor's Revivificati  Necr           1%         N/A       100%        8
 Dragon's Call            Summ           1%         N/A       100%        9


Dungeon Overview and Level Annotations

Branches:
Dungeon (5/15)             Temple (1/1) D:4

Altars:
Ashenzari
Fedhas
Gozag
Makhleb
Qazlal
Ru
Vehumet


Innate Abilities, Weirdness & Mutations

One of your tentacles has grown a beastly spike.
You cannot wear most types of armour.
You are amphibious.
You can wear up to eight rings at the same time.
Your skin changes colour to match your surroundings (Stealth+).
Your rubbery body absorbs attacks. (AC +1, EV +1)
((You are camouflaged near water. (Stealth+)))
You have tentacles for arms and can constrict up to eight enemies at once.


Message History

There is a stone staircase leading down here.
You climb downwards.
You hear the hiss of flowing sand.
There is an entrance to an ossuary on this level.
Hurry and find it before the portal is buried!
Found 26 stones.
Found a stone staircase leading up.
There is a stone staircase leading up here.
You climb upwards.
There is a stone staircase leading down here.
Casting: Sting (safe; 2% risk of failure)
Confirm with . or Enter, or press ? or * to list all spells.
One of your tentacles grows a vicious spike.
You climb downwards.
You hear the hiss of flowing sand.
There is an entrance to an ossuary on this level.
Hurry and find it before the portal is buried!
The phantom misses you.
The jelly quivers.
There is a stone staircase leading up here.
You tentacle-slap the jelly. The acid corrodes you!
Your tentacles burn!
Your squeeze misses the jelly.
The jelly is lightly wounded.
The jelly barely misses you. The phantom hits you.
The phantom blinks!
You blink.
You closely miss the phantom.
Your tentacle spike misses the phantom.
The phantom closely misses you.
You tentacle-slap the jelly but do no damage.
Your tentacles burn!
You squeeze the jelly, but do no damage.
The jelly is lightly wounded.
The jelly hits you.
You are splashed with acid.
The phantom barely misses you.
You tentacle-slap the jelly but do no damage.
Your tentacles burn!
You pierce the jelly.
The jelly is moderately wounded.
The jelly closely misses you. The phantom misses you.
You tentacle-slap the jelly but do no damage.
Your tentacles burn!
The jelly is moderately wounded.
The jelly hits you.
You are splashed with acid!
* * * LOW HITPOINT WARNING * * *
The phantom hits you!
You die...

#.... ...... .
#..........
..#.........
+......#...#
#.....#...#
##....#...#######
##................
#......<..W.......
..#...(..J@.......
#....###########
#.... #.... #..<.
#.... #####


You could see a phantom and a jelly.

Vanquished Creatures
  A necrophage (D:4)
  2 ogres
  A scorpion (D:4)
  A bullfrog skeleton (D:3)
  A centaur skeleton (D:4)
  An orc wizard (D:4)
  A gnoll (D:1)
  4 adders
  An adder skeleton (D:4)
  A worm (D:2)
  3 dart slugs
  12 orcs
  4 bats
  8 endoplasms
  6 giant cockroaches
  6 goblins
  6 hobgoblins
  2 quokkas
  5 ball pythons
  3 frilled lizards
  7 kobolds
  6 rats
82 creatures vanquished.

Notes
Turn   | Place    | Note
-------+----------+-------------------------------------------
     0 | D:1      | browni3141 the Octopode Transmuter began the quest for the
                  | Orb.
     0 | D:1      | Reached XP level 1. HP: 13/13 MP: 3/3
   254 | D:1      | Reached XP level 2. HP: 18/18 MP: 3/5
   266 | D:1      | Learned a level 2 spell: Wereblood
   313 | D:1      | Found a faded altar of an unknown god.
   325 | D:1      | Reached skill level 3 in Transmutations
   690 | D:1      | Reached XP level 3. HP: 23/23 MP: 2/6
  2399 | D:3      | Noticed an ogre
  2962 | D:3      | Reached skill level 4 in Transmutations
  2962 | D:3      | Reached XP level 4. HP: 24/28 MP: 5/7
  4095 | D:3      | Learned a level 3 spell: Spider Form
  4097 | D:3      | Learned a level 1 spell: Slow
  4140 | D:4      | Reached XP level 5. HP: 30/33 MP: 7/9
  4340 | D:4      | Found a stormy altar of Qazlal.
  4346 | D:4      | Noticed an ogre
  4547 | D:4      | Got the Reference Book on Creative Dark Secrets
  4768 | D:4      | Reached skill level 1 in Poison Magic
  4919 | D:4      | Found a burning altar of Makhleb.
  4919 | D:4      | Found an opulent altar of Gozag.
  5084 | D:4      | Found a staircase to the Ecumenical Temple.
  5104 | Temple   | Entered the Ecumenical Temple
  5112 | Temple   | Became a worshipper of Ru the Awakened
  5130 | D:4      | Learned a level 1 spell: Sting
  5133 | D:4      | Learned a level 2 spell: Poisonous Vapours
  5220 | D:4      | Reached skill level 1 in Hexes
  5220 | D:4      | Reached XP level 6. HP: 38/38 MP: 4/11
  5438 | D:4      | Noticed a necrophage
  5448 | D:4      | Killed a necrophage
  5449 | D:4      | Reached skill level 5 in Transmutations
  5803 | D:2      | Reached XP level 7. HP: 43/43 MP: 2/12
  6188 | D:5      | Entered Level 5 of the Dungeon
  6198 | D:5      | Slain by a phantom

Illustrated notes

Levels and vault maps discovered:
D:1:      dpeg_arrival_solitude, layout_basic,
          hellmonk_ecumenical_altar_heavens_door
D:2:      layout_loops_corners
D:3:      layout_loops_corners, minivault_25
D:4:      layout_basic, old_standard_altar,
          chequers_temple_overflow_statue_of_worship,
          minmay_temple_entry_antechambers
D:5:      layout_basic, cheibrodos_worm_habitat, enter_ossuary_5,
          dk_rats_in_the_wall
Temple:   nicolae_temple_hex_pool

Skill      XL: |  1  2  3  4  5  6  7 |
---------------+----------------------+-----
Transmutations | 3 4 5 |  5.5
Spellcasting   | 3 4 |  4.1
Poison Magic   | 1 2 |  2.5
Hexes          | 1 2 |  2.0
Fighting       | |  1.0
Dodging        | |  2.0
Unarmed Combat | |  3.0

Action                   |  1- 3 |  4- 6 |  7- 9 || total
-------------------------+-------+-------+-------++-------
Melee: Unarmed           |    80 |    89 |     5 ||   174
       Kick              |    21 |    25 |     1 ||    47
       Constrict         |    26 |    26 |       ||    52
       Tentacles         |    18 |    25 |     1 ||    44
       Punch             |     1 |     1 |       ||     2
Throw: Stone             |     1 |       |       ||     1
 Cast: Beastly Appendage |    23 |    16 |     1 ||    40
       Wereblood         |     1 |     5 |       ||     6
       Sting             |       |     9 |     3 ||    12
       Poisonous Vapours |       |     5 |     5 ||    10
       Slow              |       |     1 |       ||     1
 Stab: Sleeping          |     6 |     3 |       ||     9
Armor: Skin              |     7 |     3 |       ||    10
Dodge: Dodged            |    48 |    46 |     6 ||   100

Table legend: (Time is in decaauts)
 A = Elapsed time spent in this place.
 B = Non-inter-level travel time spent in this place.
 C = Inter-level travel time spent in this place.
 D = Time resting spent in this place.
 E = Time spent auto-exploring this place.
 F = Levels seen in this place.
 G = Mean time per level.
                   A        B        C        D        E       F      G
               +--------+--------+--------+--------+--------+-----+--------+
         Total |   6194 |   5725 |    469 |      0 |   4677 |   6 | 1032.3 |
       Dungeon |   6183 |   5714 |    469 |      0 |   4675 |   5 | 1236.6 |
        Temple |     11 |     11 |      0 |      0 |      2 |   1 |   11.0 |
               +--------+--------+--------+--------+--------+-----+--------+

Top non-repeatable levels by time:
     D:3: 1718 daAuts
     D:4: 1665 daAuts
     D:2: 1400 daAuts
     D:1: 1391 daAuts
  Temple: 11 daAuts
     D:5: 7 daAuts
